AoeStats
← CasquetE

Oasis

509255427Analyzed
4v4 RM · 8d ago on Sep 26, 2026· 11m 27s· 8 players
Game mode
Random Map
Map size
Large (8 player)
Population
200
Speed
Normal
Resources
Standard
Victory
Conquest
Starting age
Dark Age
Ending age
Imperial Age
RankedLock teamsTeams togetherTeam positionsShared explorationLock speedFull tech treeHidden civsTurbo modeCheats
Victory
Defeat
🇨🇱 Saxons · Chile
1191
+15
🇦🇷 Koreans · Argentina
1118
+18
🇦🇷 Vietnamese · Argentina
1105
+18
🇦🇷 Byzantines · Argentina
1019
+22
🇨🇳 Franks · China
1186
-19
🇺🇾 Britons · Uruguay
1161
-18
🇨🇦 Cumans · Canada
1155
-18
🇺🇾 Saxons · Uruguay
1141
-18
Philippe6390
0:27 Loom
12:31 Feudal Age
Tito Makani
11:40 Feudal Age
El Master Nacho
0:26 Loom
11:20 Feudal Age
1826193685
9:52 Feudal Age
Gitu
4:26 Loom
10:51 Feudal Age
11:13 Horse Collar
11:23 Double-Bit Axe
12:16 Wheelbarrow
Cuervo
11:28 Feudal Age
VZ | Thyrfing
6:01 Loom
6:06 Loom
9:38 Feudal Age
10:32 Double-Bit Axe
CasquetE
8:32 Loom
10:42 Feudal Age
Connection lost

Rejoining the realm…

Still unreachable

The connection could not be restored.

Session expired

The server has moved on; the page needs a fresh start.